 Dungeon Crawl Stone Soup version 0.18-b1-22-ge198996 (webtiles) character file.

452 GreamJoe the Shield-Bearer (level 6, -1/52 HPs)
             Began as a Minotaur Fighter on May 3, 2016.
             Slain by an orc warrior
             ... wielding a +0 scimitar
              (11 damage)
             ... on level 4 of the Dungeon.
             The game lasted 00:11:53 (2683 turns).

GreamJoe the Shield-Bearer (Minotaur Fighter)       Turns: 2683, Time: 00:11:53

Health: -1/52      AC:  9    Str: 22    XL:     6   Next: 75%
Magic:  5/5        EV:  7    Int:  5    God:
Gold:   196        SH: 10    Dex: 10    Spells: 0 memorised, 5 levels left

rFire  . . .     SeeInvis .     r - +0 spear
rCold  . . .     Gourm    .     v - +0 chain mail
rNeg   . . .     Faith    .     b - +0 shield
rPois  .         Spirit   .     (helmet restricted)
rElec  .         Dismiss  .     (no cloak)
rCorr  .         Reflect  .     (no gloves)
SustAt .         Harm     .     (no boots)
MR     .....                    l - amulet of regeneration
Stlth  ..........               (no ring)
                                (no ring)

@: not resistant to hostile enchantments, extremely unstealthy
A: retaliatory headbutt, horns 2
a: no special abilities


You were on level 4 of the Dungeon.
You were full.

You visited 1 branch of the dungeon, and saw 4 of its levels.

You collected 196 gold pieces.

Inventory:

Hand Weapons
 c - a +0 flail
 d - a +0 falchion
 e - a +0 dagger
 f - a +0 club
 r - a +0 spear (weapon)
 z - a +0 scythe
Missiles
 A - 17 arrows
Armour
 a - a +0 scale mail
 b - a +0 shield (worn)
 i - a +0 leather armour
 n - a +0 scale mail
 s - a +0 scale mail
 t - a +0 ring mail
 u - a +0 ring mail
 v - a +0 chain mail (worn)
Jewellery
 l - an amulet of regeneration (around neck)
Scrolls
 g - a scroll of teleportation {unknown}
 j - 3 scrolls of identify {unknown}
 k - 2 scrolls of remove curse {unknown}
 m - 2 scrolls of enchant weapon {unknown}
 p - 3 scrolls of random uselessness {unknown}
 y - 3 scrolls of magic mapping {unknown}
Potions
 w - a potion of mutation {unknown}
 x - a potion of heal wounds
 B - a potion of cancellation {unknown}
Books
 o - a Necronomicon

   Spells                             Type                      Level
   a - Haunt                          Necromancy/Summoning         7
   b - Borgnjor's Revivification      Necromancy                   8
   c - Death's Door                   Charms/Necromancy            8
   d - Necromutation                  Transmutation/Necromancy     8
Comestibles
 h - 2 fruits
 q - 2 bread rations


   Skills:
 + Level 4.2 Fighting
 + Level 0.5 Maces & Flails
 + Level 1.7 Polearms
 + Level 5.0 Armour
 + Level 4.1 Dodging
 + Level 6.0 Shields
 + Level 2.4 Unarmed Combat


You had 5 spell levels left.
You didn't know any spells.

Dungeon Overview and Level Annotations

Branches:
Dungeon (4/15)
 Temple: D:4-7

Altars:
Fedhas
Sif Muna
Yredelemnul


Innate Abilities, Weirdness & Mutations

You reflexively headbutt those who attack you in melee.
You have a pair of horns on your head.


Message History

The orc warrior closely misses you.
You hit the orc warrior.
The orc warrior is lightly wounded.
The orc warrior hits you with a scimitar!!
The orc wizard casts a spell.
The orc wizard blinks!
You barely miss the orc warrior.
You headbutt the orc warrior, but do no damage.
The orc warrior is lightly wounded.
You block the orc warrior's attack.
You hit the orc warrior but do no damage.
The orc warrior is lightly wounded.
The orc warrior hits you with a scimitar!
* * * LOW HITPOINT WARNING * * *
You hit the orc warrior but do no damage.
You headbutt the orc warrior.
The orc warrior is moderately wounded.
The howler monkey hoots and howls with incredible vigour!
The orc warrior hits you with a scimitar!
You die...

#####.#####.#
......# #.#
#.# #####.#
#.# #.# #.#
#.# #.# ##.##
#.## #.#
####.#.####..#
#.#
......ooo.†.o#
#.#
.o##†...o###o#
#.#
..###.####..h#
#@# (o# ###
#..#.# #o# .o#
#..##.###h#
....$((...
#.o.Zo#
#.#.o..#8
#.#####
#.##..8$. #.#
..# .o.## #.#
..# #... #.#
#.# .## #.#


You could see an orc warrior, a howler monkey, an orc and an adder skeleton.

Vanquished Creatures
  Sigmund (D:4)
  An orc priest (D:4)
  4 orc wizards
  5 adders
  An adder skeleton (D:4)
  3 worms
  A dart slug (D:2)
  3 giant geckos
  9 orcs
  8 giant cockroaches
  2 gnoll zombies (D:2)
  5 goblins
  8 hobgoblins
  5 jackals
  4 quokkas
  3 bats (D:3)
  4 giant newts
  6 kobolds
  5 rats
  2 fungi (D:3)
  A plant (D:3)
81 creatures vanquished.

Notes
Turn   | Place    | Note
--------------------------------------------------------------
     0 | D:1      | GreamJoe the Minotaur Fighter began the quest for the Orb.
     0 | D:1      | Reached XP level 1. HP: 19/19 MP: 0/0
   494 | D:1      | Reached XP level 2. HP: 27/27 MP: 1/1
   711 | D:2      | Reached skill level 4 in Shields
   858 | D:2      | Reached XP level 3. HP: 29/33 MP: 2/2
   933 | D:2      | Reached skill level 1 in Dodging
   971 | D:2      | Found a basalt altar of Yredelemnul.
  1511 | D:3      | Reached XP level 4. HP: 40/40 MP: 3/3
  1536 | D:3      | Found a blossoming altar of Fedhas.
  1800 | D:3      | Reached XP level 5. HP: 11/46 MP: 4/4
  1996 | D:3      | Reached skill level 1 in Polearms
  2089 | D:3      | Reached skill level 5 in Shields
  2282 | D:4      | Found a deep blue altar of Sif Muna.
  2339 | D:4      | Reached XP level 6. HP: 52/52 MP: 5/5
  2378 | D:4      | Noticed Sigmund
  2422 | D:4      | Killed Sigmund
  2422 | D:4      | Reached skill level 5 in Armour
  2482 | D:4      | Reached skill level 6 in Shields
  2640 | D:4      | Noticed an orc warrior
  2683 | D:4      | Slain by an orc warrior

Skill      XL: |  1  2  3  4  5  6 |
---------------+-------------------+-----
Shields        | 4 5 6 |  6.0
Armour         | 4 5 |  5.0
Dodging        | 1 2 3 4 |  4.1
Polearms       | 1 |  1.7
Fighting       | 4 |  4.2
Maces & Flails | |  0.5
Unarmed Combat | |  2.4

Action                   |  1- 3 |  4- 6 || total
-------------------------+-------+-------++-------
Melee: Club              |    59 |       ||    59
       Dagger            |     3 |       ||     3
       Headbutt          |    18 |    46 ||    64
       Spear             |    76 |   223 ||   299
  Use: Potion            |     1 |     3 ||     4
  Eat: Fruit             |     1 |     2 ||     3
       Bread ration      |     1 |       ||     1
       Meat ration       |       |     1 ||     1
Armor: Scale mail        |    63 |    38 ||   101
       Skin              |       |    18 ||    18
       Chain mail        |       |    42 ||    42
Dodge: Dodged            |    31 |    57 ||    88
Block: Shield            |    78 |   122 ||   200
